[Event "34th MPL National U14-ch 2022"]
[Site "Ahmedabad"]
[Date "2022.05.09"]
[Round "2.10"]
[White "Chidvilash Sai Surapaneni"]
[Black "Nimay Agrawal"]
[Result "1/2-1/2"]
[ECO "C00"]
[WhiteElo "1912"]
[BlackElo "1396"]
[Annotator "TA"]
[PlyCount "61"]
[EventDate "2022.05.09"]
[EventType "swiss"]
[EventCountry "IND"]
[SourceTitle "playchess.com"]
[Source "ChessBase"]
[SourceQuality "1"]
[TimeControl "5400+30"]

1. c4 e6 2. e4 d5 3. cxd5 exd5 4. exd5 Qxd5 5. Nc3 Qd8 6. Bc4 {[%emt 0:00:09] C00: French: Unusual White 2nd moves.} Nf6 7. Nf3 Bd6 8. O-O {[%emt 0:00:12] Strongly threatening Re1+. White has an edge.} O-O 9. h3 c6 {[%emt 0:01:08] [#]} 10. a4 $146 ({Predecessor:} 10. a3 Nbd7 11. d4 Nb6 12. Bd3 h6 13. Bc2 Re8 14. Qd3 Nbd5 15. Nxd5 Nxd5 16. Qh7+ {1-0 (25) Cruz Pino,A (2087)-Medina Martin,A (1567) Gran Canaria 2016}) 10... Bf5 11. d4 Nbd7 12. Nh4 Bg6 13. Nxg6 hxg6 14. Qf3 Nb6 15. Bb3 Bc7 16. Rd1 Nbd5 17. Bg5 Qd6 18. g3 Rae8 19. Rac1 Nxc3 20. bxc3 Ne4 21. Bf4 {[%emt 0:01:53] This bishop pair is nice.} Qf6 22. Kg2 Bxf4 23. Qxf4 Qxf4 24. gxf4 Kh7 25. c4 f5 26. Ba2 Nf6 27. Kf3 Rd8 28. d5 cxd5 29. cxd5 Rd7 30. Rd3 Rfd8 31. Rcd1 {[%emt 0:01:22] Weighted Error Value: White=0.12 (very precise) /Black=0.08 (flawless)} 1/2-1/2

[Event "34th MPL National U14-ch 2022"]
[Site "Ahmedabad"]
[Date "2022.05.10"]
[Round "3.1"]
[White "Kadam Om Manish"]
[Black "Jihan Tejas Shah"]
[Result "1-0"]
[ECO "B36"]
[WhiteElo "2144"]
[BlackElo "1741"]
[Annotator "TA"]
[PlyCount "113"]
[EventDate "2022.05.09"]
[EventType "swiss"]
[EventCountry "IND"]
[SourceTitle "playchess.com"]
[Source "ChessBase"]
[SourceQuality "1"]
[TimeControl "5400+30"]

1. e4 {[%emt 0:00:03] ChessBase II} c5 2. Nf3 Nc6 3. d4 cxd4 4. Nxd4 g6 5. c4 Nf6 6. Nc3 d6 7. Be2 Nxd4 8. Qxd4 Bg7 9. Be3 O-O 10. Qd2 Be6 11. f3 Qa5 12. Rc1 Rfc8 13. b3 a6 14. Na4 Qxd2+ 15. Kxd2 Nd7 16. g4 f5 17. gxf5 {[%emt 0:00:00] B36: Sicilian: Maroczy Bind: Gurgenidze System.} gxf5 18. Rhg1 {[%emt 0:00:00] Strongly threatening Bh6.} Kh8 19. Bd3 {[%emt 0:00:00] White is slightly better.} Rf8 {[%emt 0:07:49] [#] White stays focused until the end. has lost popularity (19...f4).} (19... f4 $11 20. Bf2 (20. Bxf4 Rf8 $11) 20... Bf7) 20. Rxg7 $1 $16 Kxg7 21. Rg1+ Kh8 22. Bd4+ Nf6 23. exf5 {[%emt 0:00:00] White is more active.} Bg8 (23... Bd7 $16 {keeps fighting.}) 24. Nb6 $18 Rae8 25. Nd7 Rf7 26. Be4 {[%emt 0:00:00] [#]} h5 $146 (26... Rd8) ({Predecessor:} 26... Rd8 27. Nxf6 exf6 28. Bd5 Rdf8 29. Bxf7 Rxf7 30. Kc3 h6 31. Rg6 Kh7 32. Bxf6 Rc7 33. Bd4 Bd5 34. Rxd6 Bxf3 35. Rd8 {1-0 (35) Jones,R (2354)-Maze,S (2510) Fuegen 2006 CBM 115 [ChessBase II]}) 27. Bd5 {[%emt 0:00:00] A strong pair of Bishops.} Ref8 28. Nxf8 {[%emt 0:00:00] Threatening mate with Nd7.} Rxf8 29. Rxg8+ Rxg8 30. Bxf6+ exf6 31. Bxg8 Kxg8 {[%emt 0:00:07][%mdl 4096] Endgame KP-KP} 32. Ke3 Kf7 33. Ke4 Ke7 34. Kd5 Kd7 35. b4 h4 36. h3 Ke7 37. a4 Kd7 38. a5 Ke7 39. b5 Kd7 40. bxa6 bxa6 41. c5 dxc5 42. Kxc5 Kc7 43. f4 Kd7 44. Kb6 (44. Kd5 $142 Kc7 45. Ke6 Kc6 46. Kxf6 Kd6 47. Kg6 Kd5 48. f6 Ke6 49. f7) 44... Kd6 45. Kxa6 Kd5 46. Kb5 Ke4 47. a6 Kxf5 48. a7 Kxf4 49. a8=Q {[%emt 0:00:00] White mates.} Kg3 50. Qc8 f5 51. Qxf5 Kh2 52. Qg4 Kh1 53. Kc4 Kh2 54. Kd3 Kh1 55. Ke2 Kh2 56. Kf2 Kh1 57. Qg1# {[%emt 0:00:00] Weighted Error Value: White=0.02 (flawless) /Black=0.65} 1-0

[Event "34th MPL National U14-ch 2022"]
[Site "Ahmedabad"]
[Date "2022.05.10"]
[Round "3.2"]
[White "Aswath S"]
[Black "Md Imran"]
[Result "0-1"]
[ECO "B35"]
[WhiteElo "1694"]
[BlackElo "2122"]
[Annotator "TA"]
[PlyCount "94"]
[EventDate "2022.05.09"]
[EventType "swiss"]
[EventCountry "IND"]
[SourceTitle "playchess.com"]
[Source "ChessBase"]
[SourceQuality "1"]
[TimeControl "5400+30"]

1. e4 c5 2. Nf3 g6 3. d4 cxd4 4. Nxd4 Nc6 5. Nc3 Bg7 6. Be3 Nf6 7. Bc4 O-O 8. Bb3 Ng4 9. Qxg4 Nxd4 10. Qd1 Nxb3 11. axb3 b6 12. Qd2 {[%emt 0:04:32] B35: Sicilian: Accelerated Dragon with 5 Nc3: main line.} Bb7 13. Bh6 Bxh6 14. Qxh6 {[%emt 0:00:09] The position is equal.} f5 {[%emt 0:00:51] [#]} 15. e5 $146 ({Predecessor:} 15. h4 e6 16. e5 f4 17. O-O-O Rf5 18. Nb5 Bxg2 19. Rhg1 f3 20. Rge1 a6 21. Nd6 {1-0 (38) Bologan,V (2585)-Wirthensohn,H (2390) Bern 1998}) 15... Qc7 (15... Bxg2 $2 16. Rg1 $18) 16. O-O-O f4 ({Much less strong is} 16... Qxe5 17. Rhe1 Qg7 18. Qxg7+ Kxg7 19. Rxe7+ (19. Rxd7 Bxg2 20. Rexe7+ Kf6 $16) 19... Kh6 20. Rdxd7 Bxg2 21. Rxh7+ Kg5 22. h4+ (22. Rxa7 Rxa7 23. h4+ Kg4 $14) 22... Kg4 23. Rd6 $16 (23. Rxa7 Rxa7 24. Rxa7 Kxh4 $14)) 17. Qg5 Rae8 18. Rhe1 Rf5 19. Qg4 Qc5 {[%emt 0:03:57] Prevents Nb5.} 20. Rxd7 $2 (20. b4 $14 {stays ahead.} Qc6 21. f3) 20... Qxf2 $17 21. Re2 Qg1+ 22. Nd1 Bc6 $36 {[%emt 0:01:38][%mdl 2048] Keeping White busy.} 23. Rd3 Qxh2 24. Rh3 {[%emt 0:00:37] Against Qh6} Qg1 {[%emt 0:00:06] Strongly threatening ...Rd8.} 25. Qh4 {[%emt 0:03:02] Now White is beyond hope.} (25. Rh6 $17 {was necessary.} Kg7 26. Qh4) 25... h5 $19 {[%emt 0:00:09] And now ...Rd8 would win.} 26. Rh1 Qc5 27. Rhe1 Bb5 28. c4 (28. Rd2 {was called for.}) 28... Bc6 29. g4 fxg3 $1 30. Qxg3 {[%emt 0:00:15] [#]} Kh7 (30... g5 $2 31. Rf2 Ref8 32. Ref1 Qxe5 33. Qxe5 Rxe5 34. Rxf8+ $18) 31. Rf2 (31. Ne3 $142 Rf3 32. Qg5) 31... Ref8 32. Rg1 Be8 {[%emt 0:00:24][%cal Rf5f2] Active counter play!} 33. Rxf5 (33. Rgf1) 33... Rxf5 34. Re1 Qd4 35. Nc3 Bc6 ({Don't blunder} 35... Rf2 $2 36. Rd1 h4 37. Qg5 Qf4+ 38. Qxf4 Rxf4 39. Nd5 $19) 36. Kb1 (36. Ne2 $142 Qxe5 37. Qg1) 36... h4 37. Qh3 Qf2 38. Re2 Qf1+ 39. Qxf1 Rxf1+ {[%emt 0:00:02][%mdl 4096] Endgame KRB-KRN} 40. Kc2 h3 41. Nd5 Rg1 {[%emt 0:00:24] aiming for ...Bxd5.} 42. Kc3 Rg2 {[%emt 0:00:23] Against Rh2} 43. Re3 {[%emt 0:00:09] [#]} h2 $1 ({And not} 43... Bd7 44. e6 Bxe6 45. Rxe6 $17) 44. Rh3+ Kg7 45. Nxe7 Bd7 46. Rh4 Rg3+ 47. Kc2 Bh3 {[%emt 0:00:02] Weighted Error Value: White=0.60/Black=0.04 (flawless)} 0-1

[Event "34th MPL National U14-ch 2022"]
[Site "Ahmedabad"]
[Date "2022.05.10"]
[Round "3.3"]
[White "Ilamparthi A R"]
[Black "Arshpreet Singh"]
[Result "1-0"]
[ECO "A04"]
[WhiteElo "2121"]
[BlackElo "1564"]
[Annotator "TA"]
[PlyCount "77"]
[EventDate "2022.05.09"]
[EventType "swiss"]
[EventCountry "IND"]
[SourceTitle "playchess.com"]
[Source "ChessBase"]
[SourceQuality "1"]
[TimeControl "5400+30"]

1. Nf3 c5 2. g3 Nc6 3. Bg2 g6 4. O-O Bg7 5. d3 d6 6. e4 e5 7. a4 {[%emt 0:00:00] A04: Unusual lines after 1 Nf3 and King's Indian Attack.} Nge7 8. Nc3 h6 9. Nd2 {[%emt 0:00:00][%cal Bf3d2,Bd2c4,Bc4a3][%mdl 32] White has an edge.} Be6 10. Nc4 {[%emt 0:00:00] [#]} a6 $146 (10... d5 $11 {remains equal.} 11. exd5 Nxd5) ({Predecessor:} 10... O-O 11. Ne3 Qd7 12. Ncd5 f5 13. Bd2 f4 14. Nxe7+ Nxe7 15. Nd5 Nxd5 16. exd5 Bg4 {0-1 (45) Bryakin,M (2480)-Pavlidou,E (2189) Chess.com INT 2022}) 11. Nd5 $16 Bxd5 12. exd5 Na5 13. Na3 b6 14. Rb1 Rb8 15. b4 cxb4 16. Rxb4 Nb7 17. Be3 {[%emt 0:00:00] White is more active.} Nc5 18. d4 (18. Nc4 $16) 18... Nd7 ({Black should try} 18... exd4 $1 $14 19. Bxd4 Bxd4 20. Qxd4 O-O) 19. Nc4 $36 {[%emt 0:00:00][%mdl 2048] White is on the roll.} Nc8 (19... O-O $16 {keeps fighting.}) 20. dxe5 $18 Nxe5 21. Nxe5 dxe5 22. a5 Bf8 (22... O-O $142 23. c4 b5) 23. Rb2 Bd6 24. Qb1 Bc7 25. c4 {[%emt 0:00:00][%cal Bc2c4,Bc4c5][%mdl 32] Prevents b5.} b5 26. c5 {[%emt 0:00:00] Prevents Nd6.} O-O 27. d6 Bxa5 28. Bxh6 Bc3 29. Bxf8 Kxf8 30. Rc2 Bd4 31. Kh1 Kg7 32. f4 f6 33. fxe5 Bxe5 34. Qb3 a5 35. Re2 {[%emt 0:00:00][%cal Oe2e5] [#] Hoping for Rxe5!} Qd7 36. Qd5 Bc3 37. Re6 Qf7 38. d7 Na7 39. Qd6 {[%emt 0:00:00] Weighted Error Value: White=0.08 (flawless) /Black=0.57} 1-0

[Event "34th MPL National U14-ch 2022"]
[Site "Ahmedabad"]
[Date "2022.05.10"]
[Round "3.4"]
[White "Sathvik Adiga"]
[Black "Daakshin Arun"]
[Result "0-1"]
[ECO "B92"]
[WhiteElo "1607"]
[BlackElo "2016"]
[Annotator "TA"]
[PlyCount "124"]
[EventDate "2022.05.09"]
[EventType "swiss"]
[EventCountry "IND"]
[SourceTitle "playchess.com"]
[Source "ChessBase"]
[SourceQuality "1"]
[TimeControl "5400+30"]

1. e4 c5 2. Nf3 d6 3. d4 cxd4 4. Nxd4 Nf6 5. Nc3 a6 6. Be2 e5 7. Nb3 Be7 8. Be3 Be6 9. Qd3 Nbd7 10. O-O O-O 11. Nd5 Bxd5 12. exd5 h5 {[%emt 0:00:09] Recently 12...Rc8 got a lot of attention. B92: Sicilian Najdorf: 6 Be2.} 13. h3 g6 {[%emt 0:01:09] [#]} 14. a4 $146 ({Predecessor:} 14. c4 a5 15. a4 Nc5 16. Nxc5 dxc5 17. Ra3 Ne8 18. Rb3 b6 19. Bh6 Ng7 20. g4 {½-½ (54) Choukri,A (2318)-Maenhout,T (2394) Guimaraes 2021}) 14... Nh7 {[%emt 0:00:16] The position is equal.} 15. a5 Bg5 16. c4 f5 17. c5 e4 $1 18. Qc3 {[%emt 0:05:42] Hoping for c6.} f4 19. Bd4 (19. Bc1 $11) 19... dxc5 $2 (19... f3 $1 $17 {[%cal Rf3e2] keeps the pressure on.} 20. gxf3 Bf4 21. fxe4 Qh4) 20. Nxc5 $16 Nxc5 21. Bxc5 {[%emt 0:00:23] This bishop pair is nice.} ({Much worse is} 21. Qxc5 $6 Rc8 22. Qb4 (22. Qb6 Qxb6 23. Bxb6 Nf6 $11) 22... f3 $11) 21... Rf5 22. Bc4 (22. d6 $18 {Strongly threatening Bc4+.} Bf6 23. Qb3+ Kh8 24. Rac1) 22... Bf6 23. Qc2 (23. Qb3 $1 $16) 23... Rc8 {[%emt 0:00:00] [#]} 24. Bb6 ({Better is} 24. b4 $1 $14) 24... Qd6 $1 $15 {[%emt 0:00:00] White must now prevent ...f3.} 25. Rab1 (25. Qxe4 $2 Ng5 26. Qc2 f3 $19) (25. Rac1 $11 {and White has nothing to worry.}) 25... f3 $19 26. g3 $2 ({Not} 26. Qxe4 $2 Ng5 27. Qe3 fxg2 $19) (26. Rfc1 $17 {only move.}) 26... Rg5 {[%emt 0:00:00][%cal Oc8c4] ...Rxc4! is the strong threat.} 27. Kh1 Qd7 $1 28. Kh2 h4 29. Qxe4 Qd6 $2 (29... hxg3+ $19 {and Black stays clearly on top.} 30. fxg3 Rxc4 $1 31. Qxc4 Rh5) 30. Rg1 $17 ({Wrong is} 30. Qxh4 $2 Rxg3 $3 31. Qxg3 Be5 $17) 30... hxg3+ 31. fxg3 {[%emt 0:00:34] [#]} Be5 $1 $36 {[%emt 0:00:00][%mdl 2048] Black is really pushing.} 32. Bf2 $2 (32. Rbc1 $17 Bxg3+ 33. Kh1) 32... Nf6 $19 33. Qd3 Qd7 34. d6+ Kg7 {[%emt 0:00:00][%cal Od7h3] ( -> ...Qxh3+!)} 35. Qxf3 Rxc4 (35... Rh8 $142 36. Be6 Qxe6 37. Qxb7+ Nd7) 36. Rge1 (36. Rgc1 $142 Rxc1 37. Rxc1 Bxd6 38. Kg1) 36... Rh5 37. Qg2 Ng4+ {[%emt 0:00:00] Black mates.} 38. Kg1 Nxf2 39. Kxf2 Rc2+ 40. Re2 Qf5+ 41. Kg1 Rxe2 42. Qxe2 Qxb1+ 43. Kg2 Qxb2 44. Qxb2 Bxb2 45. d7 Rd5 46. h4 Rxd7 47. g4 b6 48. axb6 a5 49. b7 Rxb7 50. h5 a4 51. h6+ Kxh6 52. Kg3 a3 53. Kh4 g5+ 54. Kg3 a2 55. Kf3 a1=Q 56. Ke4 Rb5 57. Kd3 Qa3+ 58. Kc4 Qb4+ 59. Kd3 Rd5+ 60. Kc2 Qc3+ 61. Kb1 Rd1+ 62. Ka2 Ra1# {[%emt 0:00:00] Weighted Error Value: White=0.61/Black=0.34} 0-1

[Event "34th MPL National U14-ch 2022"]
[Site "Ahmedabad"]
[Date "2022.05.10"]
[Round "3.5"]
[White "Mayank Chakraborty"]
[Black "Snehil Raj Singh"]
[Result "0-1"]
[ECO "B99"]
[WhiteElo "2015"]
[BlackElo "1545"]
[Annotator "TA"]
[PlyCount "80"]
[EventDate "2022.05.09"]
[EventType "swiss"]
[EventCountry "IND"]
[SourceTitle "playchess.com"]
[Source "ChessBase"]
[SourceQuality "1"]
[TimeControl "5400+30"]

1. e4 c5 2. Nf3 d6 3. d4 cxd4 4. Nxd4 Nf6 5. Nc3 a6 6. Bg5 e6 7. f4 Be7 8. Qf3 Qc7 9. O-O-O Nbd7 10. g4 b5 11. Bxf6 Nxf6 12. g5 Nd7 13. f5 Bxg5+ 14. Kb1 Ne5 15. Qh5 Qe7 16. Nxe6 Bxe6 17. fxe6 g6 18. exf7+ Kxf7 19. Qh3 $1 Kg7 {[%emt 0:01:22] B99: Sicilian Najdorf: 6 Bg5 e6 7 f4 Be7 8 Qf3 Qc7 9 0-0-0 Nbd7.} 20. Nd5 Qd8 21. Qc3 Ra7 {[%emt 0:12:00][%cal Ba8a7,Ba7f7,Bf7f4][%mdl 32] [#] Prevents Nc7. White is better.} 22. a4 $146 (22. Qa3 $16) ({Predecessor:} 22. Qa3 Bh4 23. Bxb5 Bf2 24. Be2 a5 25. Qc3 Rf8 26. Rhf1 Raf7 27. a3 Bc5 28. Rxf7+ Rxf7 {1-0 (54) Biedermann,K (2384)-Asquith,J (2415) ICCF email 2017}) 22... bxa4 23. h4 Bxh4 24. Nf4 {[%emt 0:00:11] aiming for Ne6+.} Re8 {[%emt 0:19:47] Inhibits Ne6+.} 25. Qh3 Kg8 (25... Kh8 $5) 26. Qa3 (26. Qxh4 $11 Qxh4 27. Rxh4) 26... Rf7 $15 27. Rxd6 (27. Nd5 $15) 27... Qa5 $19 28. Rxa6 $2 (28. b4 Qc7 29. Re6 (29. Qxa4 $2 Ref8 $19)) 28... Qe1+ 29. Ka2 Rxf4 {[%emt 0:07:40] Chess con chili.} 30. Qxa4 {[%emt 0:01:16] [#]} Kf8 ({But not} 30... Rc8 {[#]} 31. Bc4+ $1 Nxc4 32. Rxe1 Bxe1 33. Qd7 $18) 31. Qb5 Qxe4 32. Rh2 Ra8 33. b3 Rxa6+ 34. Qxa6 Kg7 35. Re2 Qf5 36. Bg2 Nf7 {[%emt 0:01:35] Strongly threatening ...Bf6.} 37. Qa7 Rf2 38. Be4 Qf6 {[%emt 0:00:38] ( -> ...Rf1)} 39. Re3 Rf1 40. c3 Qf2+ {[%emt 0:00:09] White got outplayed after the opening.  Weighted Error Value: White=0.82/Black=0.32} 0-1

[Event "34th MPL National U14-ch 2022"]
[Site "Ahmedabad"]
[Date "2022.05.10"]
[Round "3.6"]
[White "Karthik N"]
[Black "Shaik Sumer Arsh"]
[Result "0-1"]
[ECO "C77"]
[WhiteElo "1516"]
[BlackElo "1999"]
[Annotator "TA"]
[PlyCount "119"]
[EventDate "2022.05.09"]
[EventType "swiss"]
[EventCountry "IND"]
[SourceTitle "playchess.com"]
[Source "ChessBase"]
[SourceQuality "1"]
[TimeControl "5400+30"]

1. e4 e5 2. Nf3 Nc6 3. Bb5 a6 4. Ba4 Nf6 5. Qe2 b5 6. Bb3 Bc5 7. c3 O-O 8. O-O h6 {[%emt 0:01:08] C77: Ruy Lopez: 3...a6 4 Ba4 Nf6, unusual lines.} (8... d6 $11 {keeps the balance.}) 9. Rd1 (9. d4 $1 $16 exd4 10. e5) 9... Re8 $11 10. d3 d6 {[%emt 0:10:19] Black has an edge.} 11. Be3 {[%emt 0:02:18] [#]} Rb8 $146 ({Predecessor:} 11... Bxe3 12. Qxe3 Na5 13. Bc2 c5 14. Nbd2 Qc7 15. Rac1 d5 16. b4 d4 17. cxd4 exd4 {½-½ (34) Barlov,D (2440)-Todorovic,G (2461) Kragujevac 2015}) 12. Nbd2 Bb6 13. a4 Bxe3 (13... Na5 {with more complications.} 14. Bxb6 Nxb3 15. Ba7 Nxd2 16. Qxd2 Ra8) 14. Qxe3 Be6 15. Bxe6 Rxe6 16. axb5 axb5 17. d4 exd4 18. cxd4 Qe8 19. Qd3 Re7 (19... Nxe4 20. d5 Nxd2 21. dxe6 Nxf3+ 22. Qxf3 fxe6 23. Qe4 $14) 20. Re1 (20. Nh4 $1 $14) 20... Nb4 21. Qc3 c5 22. dxc5 dxc5 23. e5 (23. Nh4 $15) 23... Nfd5 $1 $17 24. Qxc5 Rc7 25. Qd4 Qe6 $2 (25... Rd8 $17 {Hoping for ...Qd7.} 26. Ne4 Nc2) 26. Qe4 $14 Nc2 27. Nd4 {[%emt 0:00:07] Prevents f5.} Nxd4 28. Qxd4 Rbc8 29. Rad1 Rc2 30. Nf3 Ne7 31. Qb4 Nc6 32. Qe4 ({Better is} 32. Qxb5 $16 {h3 is the strong threat.} Qf5 33. Rd6) 32... Rxb2 $11 33. Rd6 Qc4 34. Qf5 Ne7 35. Qd7 Qc5 36. Nd4 $2 (36. Rf1 $16 {stays on course.} Qc7 37. e6 Qxd7 38. exd7) 36... Qxe5 $17 37. Nc2 {[%emt 0:03:23][%mdl 8192] [#]} Qc3 $1 $40 {[%emt 0:01:42][%mdl 128] White is in trouble.} 38. Qxe7 Qxc2 39. Rd8+ $4 (39. Qe3 $17) 39... Kh7 40. Rf1 Rxd8 41. Qxd8 {[%emt 0:00:02] KQR-KQR} Rb1 42. g4 Rxf1+ 43. Kxf1 {[%emt 0:00:04] KQ-KQ} Qc4+ 44. Ke1 Qe4+ (44... b4 $142 {( -> ...b3)} 45. Qd1 b3 46. Qb1+ Kh8) 45. Kd2 $19 b4 {[%emt 0:01:57][%cal Bb5b4,Bb4b3][%mdl 32] White must now prevent ...b3.} 46. h3 $2 (46. Qc8 $19) 46... Qf4+ (46... b3 $142 47. Qd3 Qxd3+ 48. Kxd3 Kg6 49. f4 f5 50. Kc3 fxg4 51. hxg4 Kf6 52. f5 Kg5 53. Kxb3 Kxg4 54. Kc4 Kxf5 55. Kd5 g5 56. Kd4 Kf4 57. Kd3 g4 58. Kd2 h5 59. Ke1 h4 60. Kf2 h3 61. Kf1 g3 62. Ke1 h2 63. Ke2 g2 64. Kd3 g1=Q 65. Kd2 h1=Q 66. Kc2 Qc6+ 67. Kb2 Qgb6+ 68. Ka3 Qa8#) 47. Ke2 Qe4+ (47... Qc4+ $19 48. Ke3 Qc3+ 49. Ke2 Qxh3) 48. Kd2 b3 {[%emt 0:00:02] Black mates.} 49. Qd3 {[%emt 0:00:10] [#]} Qxd3+ $1 50. Kxd3 {[%emt 0:00:02] KP-KP} Kg6 51. f4 f5 52. Kc3 fxg4 53. hxg4 {[%emt 0:00:02] K3P-KPP} h5 54. f5+ Kg5 55. gxh5 Kxh5 56. Kxb3 Kg5 57. f6 gxf6 58. Kc2 Kf4 59. Kd3 Kf3 60. Kd4 {[%emt 0:40:57] Weighted Error Value: White=0.58/Black=0.64} 0-1

[Event "34th MPL National U14-ch 2022"]
[Site "Ahmedabad"]
[Date "2022.05.10"]
[Round "3.7"]
[White "Sahib Singh"]
[Black "Sushanth Kamabathula"]
[Result "1-0"]
[ECO "B25"]
[WhiteElo "1991"]
[BlackElo "1536"]
[Annotator "TA"]
[PlyCount "95"]
[EventDate "2022.05.09"]
[EventType "swiss"]
[EventCountry "IND"]
[SourceTitle "playchess.com"]
[Source "ChessBase"]
[SourceQuality "1"]
[TimeControl "5400+30"]

1. e4 c5 2. Nc3 d6 3. f4 Nc6 4. Nf3 g6 5. g3 Bg7 6. Bg2 e6 7. O-O Nge7 8. d3 O-O 9. Be3 Rb8 {[%emt 0:00:59] 9...b6 is the modern continuation.} 10. Qd2 b5 11. d4 cxd4 {[%emt 0:12:44] B25: Closed Sicilian: 3 g3, lines without early Be3.} 12. Nxd4 a6 13. Rad1 Na5 {[%emt 0:06:14] The position is equal.} 14. b3 {[%emt 0:07:03] [#] Against Nc4} Bb7 $146 {[%emt 0:01:45] [#]} (14... Re8 $14) ({Predecessor:} 14... Qc7 15. Nde2 Rd8 16. Bd4 Bb7 17. Bxg7 Kxg7 18. f5 exf5 19. exf5 gxf5 20. Qg5+ Kh8 {1-0 (43) Astashin,A (2210)-Tropin,A (2052) Saratov 2006}) 15. a4 {[%emt 0:07:46] White is more active.} (15. f5 $142 $1 ) 15... Bc6 (15... Nac6 $16) 16. axb5 axb5 17. f5 exf5 18. exf5 {[%emt 0:01:31] And now f6 would win.} Nxf5 19. Nxf5 ({And not} 19. Nxc6 Nxc6 20. Bxc6 Nxe3 21. Qxe3 Bxc3 $11) (19. Bxc6 Bxd4 20. Rxf5 (20. Bxd4 Nxc6 21. Bf2 Qa5 $11) 20... Nxc6 $11) 19... gxf5 20. Nd5 ({Much less strong is} 20. Rxf5 $6 Bxg2 21. Kxg2 Qc8 $18) 20... Bxd5 21. Bxd5 Rc8 22. Rxf5 Nc6 23. Rdf1 Ne5 24. Bd4 {[%emt 0:00:06] A strong pair of Bishops.} Qe7 25. c4 bxc4 26. bxc4 {[%emt 0:00:06] aiming for Bxe5.} Rce8 (26... Kh8 $142 27. Bxe5 Qa7+ 28. Kg2 dxe5 29. Rxf7 Rxf7 30. Rxf7 Qd4) 27. c5 $18 Qa7 $2 (27... dxc5 28. Bxe5 Bxe5 29. Rxf7 Rxf7) 28. Kh1 (28. c6 $142 Nf3+ 29. R5xf3 Qxd4+ 30. Qxd4 Bxd4+ 31. Kh1) 28... dxc5 29. Bxe5 Rxe5 {[%emt 0:00:07] [#]} 30. Rxf7 Rxf7 31. Bxf7+ Qxf7 32. Rxf7 Kxf7 {[%emt 0:00:05][%mdl 4096] Endgame KQ-KRB} 33. Qd7+ Kf8 34. Kg2 Kg8 35. Kf3 Kf8 $2 (35... Bf6 {was worth a try.} 36. h4 h5) 36. g4 Kg8 37. h4 {[%emt 0:00:18][%cal Bh2h4,Bh4g5][%mdl 32] Black must now prevent Kf4.} h6 38. Kf4 (38. g5 $142 {g6 would kill now.} Kh7 39. Qd3+ Kh8 40. Qc4) 38... Kf8 $2 (38... Bf6 39. Qd3 Kg7) 39. g5 {[%emt 0:02:19] Threatens to win with g6.} hxg5+ (39... Re7 $18 40. Qc8+ Re8 41. Qxc5+ Kg8) 40. hxg5 {[%emt 0:00:05] White mates.} Re7 41. Qc8+ Re8 42. Qxc5+ Kg8 43. Qc4+ Kh7 44. Kg4 Rf8 45. Kh5 Re8 46. Qd3+ Kg8 47. Qd7 Rf8 48. Kg6 {[%emt 0:00:06] White took control after the opening.  Weighted Error Value: White=0.21 (precise) /Black=0.51} 1-0

[Event "34th MPL National U14-ch 2022"]
[Site "Ahmedabad"]
[Date "2022.05.10"]
[Round "3.8"]
[White "Gadhavi Veerbhadrasinh"]
[Black "Ankit Ray"]
[Result "1/2-1/2"]
[ECO "B48"]
[WhiteElo "1507"]
[BlackElo "1932"]
[Annotator "TA"]
[PlyCount "50"]
[EventDate "2022.05.09"]
[EventType "swiss"]
[EventCountry "IND"]
[SourceTitle "playchess.com"]
[Source "ChessBase"]
[SourceQuality "1"]
[TimeControl "5400+30"]

1. e4 c5 2. Nf3 e6 3. d4 cxd4 4. Nxd4 Nc6 5. Nc3 Qc7 6. a3 a6 7. Be3 Nf6 8. Be2 Be7 9. f4 d6 {[%emt 0:01:07] Against e5. B48: Sicilian: Taimanov: 5 Nc3 Qc7 6 Be3 a6 without Be2.} 10. Qd2 b5 {[%emt 0:01:46] [#]} (10... O-O $11) 11. Nxc6 $1 $16 {[%emt 0:17:19] White is more active.} Qxc6 {[%emt 0:02:07] [#] White is better.} 12. e5 $146 (12. Bf3 $5 e5 13. Nd5 $14) ({Predecessor:} 12. O-O-O Rb8 13. e5 dxe5 14. fxe5 Nd7 15. Ba7 Rb7 16. Bf3 Qc7 17. Bxb7 Qxb7 18. Bd4 {0-1 (40) Gutschenreiter,D (1829)-Pysarenko,K (1687) Willingen 2016}) 12... dxe5 13. fxe5 Nd5 14. Bf3 Bb7 15. Nxd5 exd5 16. O-O O-O 17. c3 Rad8 18. Bd4 Qg6 19. Rae1 Bc8 20. Qd1 Be6 21. Bh5 Qh6 22. Bg4 Qg6 23. Bh5 Qh6 24. Bg4 Qg6 25. Bh5 Qh6 $1 {[%emt 1:09:45] Weighted Error Value: White=0.14 (very precise) /Black=0.12 (very precise)} 1/2-1/2